 Dungeon Crawl Stone Soup version 0.28.0-53-g5a82cb258f (webtiles) character file.

Game seed: 18047795790966658618

4475 Labrat the Thaumaturge (level 9, 0/74 HPs)
             Began as a Demigod Conjurer on July 28, 2022.
             Succumbed to a kobold brigand's poison
             ... on level 7 of the Dungeon.
             The game lasted 00:28:51 (11056 turns).

Labrat the Thaumaturge (Demigod Conjurer)          Turns: 11056, Time: 00:28:52

Health: 0/74       AC:  5    Str:  8    XL:     9   Next: 94%
Magic:  9/27       EV: 12    Int: 37    God:
Gold:   279        SH:  0    Dex: 12    Spells: 15/27 levels left

rFire   . . .      SeeInvis .   f - +6 short sword "Ocosabreisu" {protect, *Corrode rC+ Int+5}
rCold   + . .      Faith    .   (no shield)
rNeg    . . .      Spirit   .   r - +2 robe {Will+}
rPois   .          Reflect  .   (no helmet)
rElec   .          Harm     .   C - +0 cloak
rCorr   .          Rampage  .   (no gloves)
Will    +....                   (no boots)
Stlth   ++........              (no amulet)
HPRegen 0.22/turn               (no ring)
MPRegen 0.20/turn               (no ring)

@: lethally poisoned (0 -> -1), hasted, very quick
A: high MP 1, forlorn, divine attributes
a: no special abilities


You were on level 7 of the Dungeon.
You visited 1 branch of the dungeon, and saw 8 of its levels.

You collected 279 gold pieces.

Inventory:

Hand Weapons
 f - the +6 short sword "Ocosabreisu" (weapon) {protect, *Corrode rC+ Int+5}
   (You found it on level 2 of the Dungeon)

   It grants its wielder temporary protection when it strikes (+7 to AC).
   Int:       It affects your intelligence (+5).
   rC:        It protects you from cold.
   *Corrode:  It may corrode you when you take damage.
Missiles
 h - 12 poisoned darts
 A - 4 javelins
Armour
 r - a +2 robe of willpower (worn)
 C - a +0 cloak (worn)
Jewellery
 i - a ring of ice
Wands
 x - a wand of iceblast (12)
 y - a wand of flame (36)
 B - a wand of acid (4)
Scrolls
 c - 4 scrolls of identify {unknown}
 d - a scroll of fog {unknown}
 l - 3 scrolls of enchant weapon {unknown}
 o - 2 scrolls of amnesia {unknown}
 s - a scroll of enchant armour {unknown}
 u - a scroll of blinking {unknown}
 w - 2 scrolls of acquirement {unknown}
 z - a scroll of noise {unknown}
Potions
 a - a potion of attraction {unknown}
 b - a potion of invisibility {unknown}
 e - 2 potions of lignification {unknown}
 g - a potion of flight {unknown}
 j - a potion of cancellation {unknown}
 k - 2 potions of haste
 m - 4 potions of heal wounds {unknown}
 n - 3 potions of curing {unknown}
 p - 2 potions of resistance {unknown}
 q - a potion of berserk rage {unknown}
 t - a potion of might
 v - 2 potions of mutation {unknown}


   Skills:
 - Level 5.0 Fighting
 - Level 1.7 Dodging
 - Level 1.7 Stealth
 + Level 9.8 Spellcasting
 - Level 8.0 Conjurations


You had 15 spell levels left.
You knew the following spells:

 Your Spells              Type           Power      Damage    Failure   Level
a - Magic Dart            Conj           100%       1d8       1%          1
b - Searing Ray           Conj           100%       2d8       1%          2
c - Blink                 Tloc           36%        N/A       3%          2
d - Tukima's Dance        Hex            18%        N/A       7%          3
e - Iskenderun's Mystic   Conj/Tloc      47%        2d10      4%          4

Your spell library contained the following spells:

 Spells                   Type           Power      Damage    Failure   Level
 Dazzling Flash           Conj/Hex       94%        N/A       1%          3
 Corpse Rot               Necr/Air       36%        N/A       3%          2
 Fulminant Prism          Conj/Hex       23%        3d13      4%          4
 Gell's Gravitas          Tloc           18%        N/A       7%          3
 Lesser Beckoning         Tloc           18%        N/A       7%          3
 Teleport Other           Tloc           18%        N/A       7%          3
 Dispel Undead            Necr           18%        3d11      22%         4
 Passage of Golubria      Tloc           18%        N/A       22%         4
 Manifold Assault         Tloc           18%        N/A       52%         5
 Yara's Violent Unravell  Hex/Tmut       9%         3d6       52%         5
 Death Channel            Necr           9%         N/A       98%         6


Dungeon Overview and Level Annotations

Branches:
Dungeon (8/15)             Temple (0/1) D:4
   Lair: D:8-11

Annotations:
D:8 Maggie


Innate Abilities, Weirdness & Mutations

You have an increased reservoir of magic. (+10% MP)
You shall have no god before yourself.
Your divine heritage dramatically boosts your attributes as you level up.


Message History

You feel sick.
You feel sick.
The kobold brigand throws a poisoned dart.
The poisoned dart misses you.
You feel sick.
The kobold brigand throws a poisoned dart.
The poisoned dart hits you!
You are more poisoned.
You feel sick.
You feel sick.
You feel sick.
You feel sick.
You feel sick.
You feel sick.
You feel sick.
You feel sick.
You feel sick.
You are no longer poisoned.
The kobold brigand throws a poisoned dart.
The poisoned dart hits you!
You are lethally poisoned!
* * * LOW HITPOINT WARNING * * *
You feel sick.
* * * LOW HITPOINT WARNING * * *
You feel sick.
* * * LOW HITPOINT WARNING * * *
You feel sick.
The kobold brigand throws a poisoned dart.
The poisoned dart closely misses you.
There is a stone staircase leading up here.
* * * LOW HITPOINT WARNING * * *
You feel sick.
The kobold brigand throws a poisoned dart.
The poisoned dart closely misses you.
You climb upwards.
* * * LOW HITPOINT WARNING * * *
You feel sick.
There is a stone staircase leading down here.
It was a potion of haste.
You feel yourself speed up.
You die...

.###.###.# #.<....[..# #.# #.
≈.#....#.# #########.#######.# #.
##.#.#.#.# #.........# #.
####.#.#.## #..######## #.
#....#....### #..# #.
#.#######...# ####..# ##
#....#....#.#####.....##
.....#...##............##
####.#.########.@.......## #...#
##.#.#.....## ##.## #..........##
#.# #(#.........# ###.###
#####.##.......### #..(..#
#....)...........####
###.#.#.####.###.####..........##
.)#.#............####..####.#...#
..............≈...........#......


There were no monsters in sight!

Vanquished Creatures
  Pikel (D:3)
  A kobold demonologist (D:8)
  Sigmund (D:6)
  A wyvern (D:8)
  A steam dragon (D:7)
  Menkaure (D:4)
  Edmund (D:3)
  2 water moccasins
  Duvessa (D:4)
  An orc warrior (D:5)
  A hornet zombie (D:7)
  An ice beast (D:6)
  2 sky beasts
  A black bear (D:2)
  A necrophage (D:5)
  An ogre (D:5)
  A lemure (D:4)
  2 phantoms (D:6)
  6 kobold brigands
  A bullfrog (D:7)
  A gnoll sergeant (D:7)
  2 scorpions
  A water moccasin zombie (D:6)
  A water moccasin skeleton (D:7)
  Dowan (D:4)
  4 killer bees (D:5)
  4 wights (D:8)
  An electric eel (D:7)
  A centaur zombie (D:6)
  A bullfrog zombie (D:5)
  3 jellies
  2 orc priests (D:5)
  5 hounds
  Terence (D:2)
  An iguana (D:7)
  4 orc wizards
  A hound skeleton (D:4)
  A howler monkey zombie (D:7)
  3 gnolls (D:7)
  4 adders
  2 white imps
  An ufetubus (D:4)
  2 adder skeletons
  A worm (D:5)
  2 dart slugs
  20 orcs
  4 ball pythons
  6 endoplasms
  A giant cockroach (D:1)
  10 goblins
  7 hobgoblins
  13 kobolds
  4 quokkas
  4 bats
  2 frilled lizards (D:2)
  3 rats
152 creatures vanquished.

Vanquished Creatures (others)
  3 dancing weapons
3 creatures vanquished.

Grand Total: 155 creatures vanquished

Notes
Turn   | Place    | Note
-------+----------+-------------------------------------------
     0 | D:1      | Labrat the Demigod Conjurer began the quest for the Orb.
     0 | D:1      | Reached XP level 1. HP: 14/14 MP: 5/5
   140 | D:1      | Reached skill level 2 in Spellcasting
   457 | D:1      | Reached XP level 2. HP: 20/20 MP: 5/7
   460 | D:1      | Learned a level 2 spell: Searing Ray
  1011 | D:2      | Noticed Terence
  1055 | D:2      | Identified the +6 short sword "Ocosabreisu" {protect,
                  | *Corrode rC+ Int+5}
  1071 | D:2      | Noticed a black bear
  1364 | D:2      | Reached XP level 3. HP: 26/26 MP: 3/9
  1446 | D:2      | Killed Terence
  2074 | D:2      | Reached skill level 3 in Spellcasting
  2074 | D:2      | Reached XP level 4. HP: 33/33 MP: 7/11
  2380 | D:2      | Killed a black bear
  2381 | D:2      | Reached XP level 5. HP: 38/38 MP: 6/13
  2451 | D:3      | Reached skill level 5 in Conjurations
  3187 | D:3      | Reached skill level 4 in Spellcasting
  3456 | D:4      | Noticed Dowan
  3519 | D:4      | Noticed Edmund
  3556 | D:4      | Noticed Duvessa
  3565 | D:4      | Killed Duvessa
  3566 | D:4      | Reached skill level 5 in Spellcasting
  3566 | D:4      | Reached XP level 6. HP: 25/46 MP: 6/16
  3778 | D:4      | Killed Dowan
  3779 | D:4      | Reached skill level 1 in Fighting
  3891 | D:4      | Found a staircase to the Ecumenical Temple.
  4074 | D:4      | Noticed Menkaure
  4396 | D:3      | Learned a level 2 spell: Blink
  4400 | D:3      | Learned a level 3 spell: Tukima's Dance
  4659 | D:4      | Noticed Pikel
  5338 | D:3      | Killed Edmund
  5339 | D:3      | Reached XP level 7. HP: 45/57 MP: 3/17
  5477 | D:4      | Killed Menkaure
  5931 | D:3      | Killed Pikel
  5932 | D:3      | Reached skill level 5 in Fighting
  5932 | D:3      | Reached skill level 6 in Spellcasting
  5932 | D:3      | Reached XP level 8. HP: 62/68 MP: 1/21
  6198 | D:5      | Entered Level 5 of the Dungeon
  6716 | D:5      | Reached skill level 7 in Spellcasting
  7218 | D:5      | Reached skill level 8 in Spellcasting
  7477 | D:5      | Learned a level 4 spell: Iskenderun's Mystic Blast
  7541 | D:6      | Noticed Sigmund
  8099 | D:6      | Reached XP level 9. HP: 69/74 MP: 19/25
  8247 | D:6      | Killed Sigmund
  9595 | D:7      | HP: 1/74 [gnoll sergeant/+1 trident of protection (16)]
 10415 | D:5      | Reached skill level 9 in Spellcasting
 10683 | D:8      | Noticed Maggie
 10966 | D:8      | Noticed a kobold demonologist
 10981 | D:8      | Killed a kobold demonologist
 11052 | D:8      | HP: 3/74 [poisoned by a kobold brigand]
 11055 | D:7      | HP: 1/74 [poisoned by a kobold brigand]
 11056 | D:7      | Succumbed to a kobold brigand's poison

Illustrated notes

Levels and vault maps discovered:
D:1:      psy_arrival_whirlpool, layout_basic, ebering_ecumenical_altar_mist,
          chequers_serial_rivers_small_a, corexii_hall_statues_x,
          hangedman_decor_clover_reticule
D:2:      layout_basic, basic_altar, uniq_terence
D:3:      layout_loops_ring, supply_closet_lemuel, kennysheep_nub
D:4:      layout_loops_ring, minmay_temple_entry_mist, minmay_goblin_outpost,
          uniq_menkaure, uniq_pikel, uniq_duvessa, uniq_edmund
D:5:      layout_basic
D:6:      layout_rooms, uniq_sigmund
D:7:      layout_loops_ring, nicolae_qazlal_general_emergency, st_stairs_2,
          nicolae_water_bricks
D:8:      layout_basic, nicolae_ru_the_path_less_chosen, david_lair_shrubbed,
          special_room [special_room_kobold], serial_glass, glass_columns_a,
          glass_columns_b, glass_columns_c, glass_columns_a, glass_columns_c,
          glass_columns_a, grunt_decor_resistance,
          chequers_serial_rivers_micro_d, uniq_grum, uniq_joseph, uniq_maurice,
          uniq_maggie

Skill      XL: |  1  2  3  4  5  6  7  8  9 |
---------------+----------------------------+-----
Spellcasting   | 2 3 5 6 8 9 |  9.8
Conjurations   | 4 5 6 8 |  8.0
Fighting       | 3 5 |  5.0
Dodging        | |  1.7
Stealth        | |  1.7

Action                   |  1- 3 |  4- 6 |  7- 9 || total
-------------------------+-------+-------+-------++-------
Melee: Unarmed           |     6 |       |       ||     6
       Short sword       |       |    14 |    26 ||    40
       Flail             |       |       |     5 ||     5
 Cast: Magic Dart        |    61 |    81 |    79 ||   221
       Searing Ray       |     4 |    12 |    59 ||    75
       Tukima's Dance    |       |     6 |     7 ||    13
       Iskenderun's Myst |       |       |    12 ||    12
       Blink             |       |       |     1 ||     1
Evoke: Wand              |       |       |     2 ||     2
  Use: Potion            |       |       |     1 ||     1
Armor: Robe              |     3 |     8 |    18 ||    29
Dodge: Dodged            |    10 |    19 |    63 ||    92
